 Dungeon Crawl Stone Soup version 0.19.0-11-g3fc08b3 (webtiles) character file.

3968 ringo67 the Destroyer (level 10, -1/59 HPs)
             Began as a Deep Elf Conjurer on Nov 9, 2016.
             Was a Believer of Vehumet.
             Shot with a sling bullet by Joseph (7 damage)
             ... on level 8 of the Dungeon.
             The game lasted 01:14:23 (10053 turns).

ringo67 the Destroyer (Deep Elf Conjurer)          Turns: 10053, Time: 01:14:23

Health: -1/59      AC:  6    Str:  5    XL:     10   Next: 2%
Magic:  25/25      EV: 17    Int: 24    God:    Vehumet [**....]
Gold:   389        SH:  0    Dex: 18    Spells: 3 memorised, 10 levels left

rFire  . . .     SeeInvis .     k - +1 short sword (elec)
rCold  . . .     Gourm    .     y - +2 robe {MR+}
rNeg   . . .     Faith    .     (no shield)
rPois  .         Spirit   .     (no helmet)
rElec  .         Reflect  .     u - +0 cloak
rCorr  .         Harm     .     Q - +0 pair of gloves {Dex+3}
MR     ++...                    (no boots)
Stlth  ++........               (no amulet)
                                (no ring)
                                C - ring of magical power

@: about to teleport
A: no striking features
a: Renounce Religion


You were on level 8 of the Dungeon.
You worshipped Vehumet.
Vehumet was pleased with you.
You were not hungry.

You visited 2 branches of the dungeon, and saw 10 of its levels.

You collected 389 gold pieces.

Inventory:

Hand Weapons
 f - a +0 short sword
 k - a +1 short sword of electrocution (weapon)
 t - a +2 quarterstaff of chaos
 v - a +1 mace of crushing
Missiles
 M - a throwing net (quivered)
Armour
 p - a +0 pair of gloves
 u - a +0 cloak (worn)
 y - a +2 robe of magic resistance (worn)
 D - the +1 robe "Circhuw" {+Blink +Fly MR+}
   (You found it on level 6 of the Dungeon)

   It affects your resistance to hostile enchantments.
   It lets you fly.
   It lets you blink.
 Q - a +0 pair of gloves of dexterity (worn)
Jewellery
 C - a ring of magical power (left hand)
Wands
 m - a wand of flame (18/48)
 o - a wand of polymorph (12/24)
 x - a wand of confusion (22/48)
 B - a wand of lightning (5/15)
 J - a wand of teleportation (0/9)
 N - a wand of disintegration (10/24)
Scrolls
 g - a scroll of magic mapping
 h - 5 scrolls of remove curse
 i - a scroll of fear {unknown}
 j - 6 scrolls of identify
 l - a scroll of immolation {unknown}
 r - 4 scrolls of fog
 s - a scroll of enchant armour {unknown}
 w - 3 scrolls of amnesia {unknown}
 H - 2 scrolls of random uselessness {unknown}
 I - 2 scrolls of noise {unknown}
 P - a scroll of brand weapon {unknown}
Potions
 a - 2 potions of flight {unknown}
 d - 3 potions of brilliance
 e - 2 potions of heal wounds {unknown}
 q - 2 potions of curing
 A - 2 potions of mutation {unknown}
 E - a potion of degeneration {unknown}
 G - a potion of lignification {unknown}
 O - 2 potions of cure mutation {unknown}
Books
 b - a book of Conjurations

   Spells                             Type                      Level
   a - Magic Dart                     Conjuration                  1
   b - Searing Ray                    Conjuration                  2
   c - Dazzling Spray                 Conjuration/Hexes            3
   d - Fulminant Prism                Conjuration/Hexes            4
   e - Iskenderun's Mystic Blast      Conjuration                  4
   f - Iskenderun's Battlesphere      Conjuration/Charms           5
 K - a book of Cantrips

   Spells                             Type                      Level
   a - Confusing Touch                Hexes                        1
   b - Animate Skeleton               Necromancy                   1
   c - Summon Small Mammal            Summoning                    1
   d - Apportation                    Translocation                1
Comestibles
 c - 9 bread rations
 n - 2 slices of pizza
 z - 3 meat rations
 F - a fruit
 L - 7 beef jerkies


   Skills:
 + Level 5.5 Fighting
 + Level 6.4 Dodging
 - Level 2.4 Stealth
 - Level 3.0 Spellcasting
 + Level 13.0 Conjurations
 + Level 1.0 Fire Magic


You had 10 spell levels left.
You knew the following spells:

 Your Spells              Type           Power        Failure   Level  Hunger
a - Magic Dart            Conj           ####         1%          1    None
b - Searing Ray           Conj           ######       1%          2    ##.....
c - Throw Flame           Conj/Fire      #####.       1%          2    ##.....


Dungeon Overview and Level Annotations

Branches:
Dungeon (9/15)             Temple (1/1) D:4
   Lair: D:8-11         Orc: D:9-12

Altars:
Ashenzari
Cheibriados
Dithmenos
Elyvilon
Fedhas
Gozag
Kikubaaqudgha
Makhleb
Ru
Sif Muna
Trog
Uskayaw
Vehumet
Xom
Yredelemnul
The Shining One
Beogh

Annotations:
D:8 Joseph, Pikel


Message History

Magic restored.
You start resting.
Eating a chunk of flesh.
You start eating the chunk of flesh.
You are feeling hungry.
This raw flesh tastes terrible.
You start resting.
You start resting.
HP restored.
Joseph shouts!
Joseph shoots a sling bullet.
The sling bullet hits you!! The sling bullet freezes you.
You see here a sling bullet.
Zapping:
J - a wand of teleportation {zapped: 3} (will waste charges)
Press: ? - help, Shift-Dir - straight line, f - you You feel strangely unstable.
Evoking this partially-identified wand wasted a few charges.
Joseph shoots a sling bullet.
The sling bullet hits you!!
* * * LOW HITPOINT WARNING * * *
The sling bullet freezes you!
You die...

#.####...........p......
..#..............p.....
#.........[...........
#....................
##...................
#.............###...
##.............####..
##...............#....
##....@................
##......................
#.##...................#
##.#..................#
#.#.................#
#...........@.....#
##.................#
#..#######...####..##
#.## ##..## ##..##


You could see Joseph.

Vanquished Creatures
  Grinder (D:6)
  Sigmund (D:2)
  2 hungry ghosts (D:7)
  Grum (D:8)
  2 ice beasts
  3 orc warriors (D:8)
  3 sky beasts
  A slave (D:9)
  2 wolves (D:8)
  3 ogres
  3 bullfrogs
  Blork the orc (D:5)
  A water moccasin zombie (D:5)
  2 scorpions (D:8)
  10 killer bees (D:7)
  6 howler monkeys
  A bullfrog zombie (D:7)
  Crazy Yiuf (D:2)
  A hound (D:7)
  A jelly (D:7)
  4 orc priests (D:8)
  6 orc wizards
  2 centaur skeletons
  Terence (D:2)
  2 iguanas
  4 worker ants
  A worker ant zombie (D:6)
  8 gnolls
  9 adders
  3 shadow imps
  7 oozes
  4 worms
  3 dart slugs
  4 leopard geckos
  33 orcs
  A ball python (D:3)
  7 bats
  6 giant cockroaches
  9 goblins
  4 hobgoblins
  10 jackals
  6 kobolds
  A frilled lizard (D:1)
  2 jackal skeletons
  2 leopard gecko skeletons (D:6)
  A leopard gecko zombie (D:7)
  8 rats
194 creatures vanquished.

Vanquished Creatures (others)
  A quokka skeleton (D:7)
1 creature vanquished.

Grand Total: 195 creatures vanquished

Notes
Turn   | Place    | Note
-------+----------+-------------------------------------------
     0 | D:1      | ringo67 the Deep Elf Conjurer began the quest for the Orb.
     0 | D:1      | Reached XP level 1. HP: 10/10 MP: 6/6
     1 | D:1      | Found a runed door.
   305 | D:1      | Reached XP level 2. HP: 15/15 MP: 6/8
   310 | D:1      | Learned a level 2 spell: Searing Ray
   370 | D:1      | Reached skill level 5 in Conjurations
   745 | D:2      | Reached XP level 3. HP: 16/19 MP: 6/9
  1043 | D:1      | Reached skill level 6 in Conjurations
  1055 | D:1      | Reached XP level 4. HP: 14/24 MP: 0/10
  1759 | D:2      | Noticed Sigmund
  1803 | D:2      | Found a white marble altar of Elyvilon.
  1962 | D:2      | Noticed Terence
  1968 | D:2      | Killed Terence
  1968 | D:2      | Reached skill level 7 in Conjurations
  1968 | D:2      | Reached XP level 5. HP: 28/28 MP: 3/11
  2048 | D:2      | Found a runed door.
  2052 | D:2      | Noticed Crazy Yiuf
  2064 | D:2      | Killed Crazy Yiuf
  2178 | D:2      | Killed Sigmund
  2178 | D:2      | Reached skill level 8 in Conjurations
  2178 | D:2      | Reached XP level 6. HP: 32/32 MP: 2/12
  3592 | D:4      | Found a staircase to the Ecumenical Temple.
  3600 | Temple   | Entered the Ecumenical Temple
  3701 | Temple   | Became a worshipper of Vehumet
  3736 | D:4      | Noticed an ice beast
  3765 | D:4      | Reached skill level 9 in Conjurations
  3913 | D:4      | Found a shadowy altar of Dithmenos.
  3967 | D:5      | Entered Level 5 of the Dungeon
  3967 | D:5      | Noticed Blork the orc
  3977 | D:5      | Killed Blork the orc
  3977 | D:5      | Reached XP level 7. HP: 30/36 MP: 4/13
  4306 | D:5      | Found a glowing golden altar of the Shining One.
  4462 | D:5      | Reached skill level 10 in Conjurations
  5085 | D:4      | Found a shattered altar of Ashenzari.
  5362 | D:6      | Got a sheer robe
  5373 | D:6      | Identified the cursed +1 robe "Circhuw" {+Blink +Fly MR+} (You found it on level 6 of the Dungeon)
  5405 | D:6      | Found a basalt altar of Yredelemnul.
  5448 | D:6      | Reached skill level 11 in Conjurations
  5448 | D:6      | Reached XP level 8. HP: 41/41 MP: 14/14
  5607 | D:6      | Reached skill level 1 in Fighting
  5619 | D:6      | Noticed Grinder
  5641 | D:6      | Killed Grinder
  5790 | D:6      | Noticed a four-headed hydra
  5950 | D:6      | Reached * piety under Vehumet
  5950 | D:6      | Offered knowledge of Shock by Vehumet.
  6567 | D:7      | Reached skill level 5 in Dodging
  6590 | D:7      | Reached XP level 9. HP: 44/51 MP: 12/15
  6964 | D:7      | Reached skill level 12 in Conjurations
  7788 | D:8      | Noticed Joseph
  7859 | D:8      | Reached ** piety under Vehumet
  7957 | D:8      | Noticed Grum
  8128 | D:7      | Offered knowledge of Sandblast by Vehumet.
  8306 | D:7      | Reached skill level 5 in Fighting
  8592 | D:8      | Killed Grum
  8985 | D:8      | Offered knowledge of Throw Flame by Vehumet.
  8989 | D:8      | Learned a level 2 spell: Throw Flame
  9008 | D:8      | Reached skill level 13 in Conjurations
  9236 | D:8      | Found a roughly hewn altar of Beogh.
  9311 | D:8      | Reached skill level 1 in Fire Magic
  9311 | D:8      | Reached XP level 10. HP: 54/59 MP: 16/16
  9458 | D:8      | Noticed Pikel
 10053 | D:8      | Shot with a sling bullet by Joseph

Skill      XL: |  1  2  3  4  5  6  7  8  9 |
---------------+----------------------------+-----
Conjurations   | 5 6 7 8 9 11 13 | 13.0
Fighting       | 3 5 |  5.5
Dodging        | 5 6 |  6.4
Fire Magic     | 1 |  1.0
Stealth        | |  2.4
Spellcasting   | |  3.0

Action                   |  1- 3 |  4- 6 |  7- 9 | 10-12 || total
-------------------------+-------+-------+-------+-------++-------
Melee: Short sword       |    14 |     5 |     4 |       ||    23
 Cast: Magic Dart        |    25 |   120 |   217 |    32 ||   394
       Searing Ray       |     5 |    11 |    53 |     3 ||    72
Evoke: Wand              |       |       |     1 |     2 ||     3
  Use: Scroll            |       |       |     7 |       ||     7
       Potion            |       |       |     3 |       ||     3
  Eat: Chunk             |       |    10 |    18 |     1 ||    29
       Fruit             |       |       |     1 |     1 ||     2
       Beef jerky        |       |       |     1 |       ||     1
Armor: Robe              |    15 |       |    33 |     3 ||    51
Dodge: Dodged            |    33 |    31 |   106 |    16 ||   186
